[Event "8. Arber-Schachopen 2019"]
[Site "Bodenmais"]
[Date "2019.07.30"]
[Round "4.14"]
[White "Hoffmann, Sebastian"]
[Black "Pfeifer, Wilfried"]
[Result "1/2-1/2"]
[ECO "B13"]
[WhiteElo "2199"]
[BlackElo "1916"]
[Annotator "NA"]
[PlyCount "195"]
[EventDate "2019.07.27"]
[EventCountry "GER"]
[SourceTitle "playchess.com"]
[Source "ChessBase"]
[SourceQuality "1"]
[TimeControl "40/5400+30:1800+30"]

1. e4 c6 2. d4 d5 3. exd5 cxd5 4. Bf4 Nc6 5. c3 Bf5 6. Nd2 e6 7. Ngf3 Bd6 8. Bxd6 Qxd6 9. Bb5 a6 10. Bxc6+ bxc6 11. Nb3 Bg4 12. O-O Nf6 13. h3 Bxf3 14. Qxf3 Nd7 15. Qe3 O-O 16. Na5 c5 17. dxc5 Qxc5 18. Qxc5 Nxc5 19. c4 dxc4 20. Nxc4 Rfd8 21. Rfd1 f6 22. Kf1 Kf7 23. Ke2 Na4 24. Rxd8 Rxd8 25. Rc1 Rb8 26. b3 Nb6 27. Nxb6 Rxb6 28. Rc7+ Kg6 29. Kd3 Rd6+ 30. Kc3 Rd1 31. Kb4 Rd2 32. a4 Rxf2 33. Ka5 Rxg2 34. Kxa6 f5 35. b4 f4 36. b5 e5 37. b6 Rb2 38. b7 Rxb7 39. Kxb7 f3 40. Rc1 e4 41. Rf1 Kf5 42. a5 Kf4 43. a6 e3 44. a7 e2 45. Ra1 f2 46. a8=Q e1=Q 47. Qf8+ Kg3 48. Ra3+ Kh2 49. Qf4+ Kh1 50. Qf3+ Kh2 51. Qf4+ Kh1 52. Rf3 Qb1+ 53. Kc7 Qc2+ 54. Kd6 Kg1 55. Qg3+ Kf1 56. Qf4 g5 57. Qf8 Kg1 58. Rg3+ Kh2 59. Qf3 f1=Q 60. Qxf1 Kxg3 61. Qg1+ Qg2 62. Qe3+ Kh2 63. Ke7 h6 64. Qe5+ Kxh3 65. Qe6+ Kg3 66. Qxh6 Qe4+ 67. Kd7 Qd4+ 68. Ke7 g4 69. Qh1 Qe3+ 70. Kd6 Qf3 71. Qg1+ Kh3 72. Qd4 g3 73. Qh8+ Kg2 74. Qb2+ Kg1 75. Qa1+ Qf1 76. Qd4+ Qf2 77. Qa1+ Kg2 78. Qa8+ Qf3 79. Qa2+ Kh3 80. Qe6+ Qg4 81. Qh6+ Qh4 82. Qe6+ Kh2 83. Qe5 Qd8+ 84. Kc6 Qd3 85. Qb2+ g2 86. Qh8+ Kg3 87. Qg7+ Kf2 88. Qb2+ Qe2 89. Qd4+ Qe3 90. Qb2+ Qe2 91. Qd4+ Kg3 92. Qd6+ Kf3 93. Qf6+ Ke3 94. Qe5+ Kd3 95. Qb5+ Kd2 96. Qb2+ Ke1 97. Qa1+ Kf2 98. Kd5 1/2-1/2

[Event "8. Arber-Schachopen 2019"]
[Site "Bodenmais"]
[Date "2019.07.30"]
[Round "4.15"]
[White "Beck, Gerald"]
[Black "Reuter, Roland"]
[Result "0-1"]
[ECO "A20"]
[WhiteElo "2176"]
[BlackElo "1930"]
[Annotator "NA"]
[PlyCount "115"]
[EventDate "2019.07.27"]
[EventCountry "GER"]
[SourceTitle "playchess.com"]
[Source "ChessBase"]
[SourceQuality "1"]
[TimeControl "40/5400+30:1800+30"]

1. c4 e5 2. g3 Nf6 3. Bg2 Nc6 4. Nc3 Be7 5. Nf3 O-O 6. O-O d5 7. cxd5 Nxd5 8. Qb3 Nb6 9. d3 Be6 10. Qd1 h6 11. a3 a5 12. Be3 Nd5 13. Nxd5 Bxd5 14. Rc1 Re8 15. Qa4 Bf6 16. Rc5 Qd6 17. Rxd5 Qxd5 18. Nd4 Qxg2+ 19. Kxg2 exd4 20. Bf4 Rxe2 21. Qb5 Rae8 22. Rc1 Bg5 23. Qxb7 Ne5 24. Rxc7 Nxd3 25. Rxf7 Rxf2+ 26. Kh3 Nxf4+ 27. gxf4 Bf6 28. Qd5 Kh8 29. Rxf6 gxf6 30. Qxd4 Ree2 31. Qxf6+ Kh7 32. Kg3 Rg2+ 33. Kf3 Rxb2 34. h4 Rgf2+ 35. Ke4 Rfe2+ 36. Kd3 Red2+ 37. Kc3 Rdc2+ 38. Kd3 Rd2+ 39. Kc4 Rdc2+ 40. Kd5 Rd2+ 41. Ke4 Re2+ 42. Kf3 Rf2+ 43. Kg4 Rg2+ 44. Kh5 a4 45. Qxh6+ Kg8 46. Qc6 Kg7 47. Qxa4 Rbd2 48. Qc6 Rc2 49. Qd5 Rcd2 50. Qe5+ Kf7 51. a4 Rde2 52. Qf5+ Kg7 53. a5 Ra2 54. Qe5+ Kf7 55. Qb5 Ke6 56. a6 Rad2 57. Qe5+ Kf7 58. a7 0-1

[Event "8. Arber-Schachopen 2019"]
[Site "Bodenmais"]
[Date "2019.07.30"]
[Round "4.16"]
[White "Schmid, Wolfgang"]
[Black "Vanhee, Lars"]
[Result "1/2-1/2"]
[ECO "B11"]
[WhiteElo "2162"]
[BlackElo "1895"]
[Annotator "ChessBase"]
[PlyCount "85"]
[EventDate "2019.07.27"]
[EventCountry "GER"]
[SourceTitle "playchess.com"]
[Source "ChessBase"]
[SourceQuality "1"]
[TimeControl "40/5400+30:1800+30"]

1. e4 c6 2. Nc3 d5 3. Nf3 Bg4 4. h3 Bxf3 5. Qxf3 e6 6. exd5 cxd5 7. d4 Nf6 8. Bb5+ Nc6 9. O-O Bd6 10. Bg5 h6 11. Bf4 O-O 12. Rad1 a6 13. Bxc6 bxc6 14. b3 Bxf4 15. Qxf4 Qb8 16. Qe3 Re8 17. Rfe1 Qd6 18. Na4 Ne4 19. f3 Ng3 20. Qe5 Qxe5 21. Rxe5 Nf5 22. Nc5 Nd6 23. Kf2 Ra7 24. Re3 a5 25. a4 Kf8 26. g4 g6 27. Rde1 Rae7 28. Rc3 Rc8 29. Nd3 Rec7 30. Nc5 Re7 31. Kg3 Kg7 32. h4 Kh7 33. Kf4 Kg7 34. Kg3 Kh7 35. Rce3 Rce8 36. Nd3 Kg7 37. Rc1 Rb8 38. Ne5 Rc7 39. Rc3 Rbc8 40. Nd3 Re7 41. Rc5 Nb7 42. Rc3 Nd6 43. Rc5 1/2-1/2

[Event "8. Arber-Schachopen 2019"]
[Site "Bodenmais"]
[Date "2019.07.30"]
[Round "4.17"]
[White "Fauth, Dietmar"]
[Black "Hoehfeld, Markus"]
[Result "1-0"]
[ECO "C00"]
[WhiteElo "2122"]
[BlackElo "1895"]
[Annotator "NA"]
[PlyCount "65"]
[EventDate "2019.07.27"]
[EventCountry "GER"]
[SourceTitle "playchess.com"]
[Source "ChessBase"]
[SourceQuality "1"]
[TimeControl "40/5400+30:1800+30"]

1. e4 e6 2. d4 d5 3. Bd3 Nf6 4. e5 Nfd7 5. f4 c5 6. c3 Nc6 7. Nf3 Qb6 8. Bc2 g6 9. O-O a5 10. Kh1 Qa7 11. Na3 b6 12. Nb5 Qb7 13. Qe2 Ndb8 14. f5 Na7 15. fxe6 Bxe6 16. Ba4 Nxb5 17. Bxb5+ Nc6 18. Bg5 h6 19. Bf6 Rg8 20. Rad1 Be7 21. Rd2 Qc7 22. c4 O-O-O 23. dxc5 Bxf6 24. cxb6 Qxb6 25. exf6 dxc4 26. Bxc4 Rge8 27. Rxd8+ Kxd8 28. Rd1+ Kc7 29. Rc1 Kb8 30. Qe4 g5 31. h3 Bxc4 32. Qxe8+ Ka7 33. Rxc4 1-0

[Event "8. Arber-Schachopen 2019"]
[Site "Bodenmais"]
[Date "2019.07.30"]
[Round "4.18"]
[White "Seifert, Ronny"]
[Black "Gruettner, Ralf"]
[Result "0-1"]
[ECO "A43"]
[WhiteElo "1888"]
[BlackElo "2118"]
[Annotator "ChessBase"]
[PlyCount "90"]
[EventDate "2019.07.27"]
[EventCountry "GER"]
[SourceTitle "playchess.com"]
[Source "ChessBase"]
[SourceQuality "1"]
[TimeControl "40/5400+30:1800+30"]

1. d4 c5 2. c3 e6 3. Nf3 Nf6 4. Bf4 Be7 5. e3 O-O 6. Be2 b6 7. Nbd2 Bb7 8. h3 d5 9. O-O Nc6 10. Ne5 Nxe5 11. Bxe5 Nd7 12. Bh2 Nf6 13. Nf3 Ne4 14. Bd3 Bd6 15. Bxd6 Qxd6 16. Nd2 Nxd2 17. Qxd2 e5 18. dxe5 Qxe5 19. Qc2 h6 20. Rfe1 Rfe8 21. Qe2 Rad8 22. Qg4 Bc8 23. Qf4 Qxf4 24. exf4 Rxe1+ 25. Rxe1 Kf8 26. Bb5 Bd7 27. Bd3 Bc6 28. Rd1 d4 29. Bc2 Ke7 30. cxd4 Rxd4 31. Rxd4 cxd4 32. Bd3 a5 33. f3 Kd6 34. Kf2 Kc5 35. h4 Bd5 36. a3 f6 37. Ke1 b5 38. Kd2 b4 39. axb4+ Kxb4 40. Bc2 Bb3 41. Bd3 Bc4 42. Bc2 d3 43. Bb1 Kb3 44. Kc1 a4 45. g3 d2+ 0-1

[Event "8. Arber-Schachopen 2019"]
[Site "Bodenmais"]
[Date "2019.07.30"]
[Round "4.19"]
[White "Zepke, Armin"]
[Black "Meixner, Torsten"]
[Result "1-0"]
[ECO "D00"]
[WhiteElo "2122"]
[BlackElo "1881"]
[Annotator "NA"]
[PlyCount "97"]
[EventDate "2019.07.27"]
[EventCountry "GER"]
[SourceTitle "playchess.com"]
[Source "ChessBase"]
[SourceQuality "1"]
[TimeControl "40/5400+30:1800+30"]

1. d4 d5 2. Bf4 Nf6 3. e3 e6 4. Nf3 c5 5. c3 Nc6 6. Nbd2 Bd6 7. Bxd6 Qxd6 8. Bb5 O-O 9. O-O a6 10. Bxc6 bxc6 11. Ne5 Nd7 12. Nxd7 Bxd7 13. Nb3 c4 14. Nc5 f6 15. b3 cxb3 16. axb3 Bc8 17. Qe2 Rf7 18. Ra5 e5 19. Rfa1 f5 20. f4 exf4 21. exf4 Re7 22. Qd2 Qg6 23. Re1 Qe8 24. Raa1 Raa7 25. b4 g6 26. Kf2 Kf7 27. Rxe7+ Qxe7 28. g3 h5 29. h4 Qd8 30. Nd3 Kf6 31. Ne5 Qc7 32. Ra5 Qb6 33. Qa2 Re7 34. Qa4 Bb7 35. Rc5 Rc7 36. Ke3 Kg7 37. Kd2 Kh7 38. Kc2 Rc8 39. Qa5 Qa7 40. Kd2 Qb8 41. Qb6 Qc7 42. Qxc7+ Rxc7 43. Kc2 Kg7 44. Kb3 Kf6 45. Ka4 Ke6 46. Ka5 Kd6 47. Kb6 Rg7 48. Nxc6 Ke6 49. Nd8+ 1-0

[Event "8. Arber-Schachopen 2019"]
[Site "Bodenmais"]
[Date "2019.07.30"]
[Round "4.20"]
[White "Vennemann, Juergen"]
[Black "Fuchs, Michael"]
[Result "1-0"]
[ECO "A53"]
[WhiteElo "1925"]
[BlackElo "2114"]
[Annotator "NA"]
[PlyCount "73"]
[EventDate "2019.07.27"]
[EventCountry "GER"]
[SourceTitle "playchess.com"]
[Source "ChessBase"]
[SourceQuality "1"]
[TimeControl "40/5400+30:1800+30"]

1. d4 Nf6 2. c4 d6 3. Nc3 Nbd7 4. e4 e5 5. Nge2 Be7 6. f3 c6 7. Be3 O-O 8. Ng3 exd4 9. Bxd4 Ne5 10. Be2 Be6 11. b3 Qa5 12. Qd2 Ng6 13. O-O h5 14. Rad1 h4 15. Nh1 Bd8 16. Nf2 Nh5 17. Nd3 f5 18. f4 Nf6 19. e5 dxe5 20. Nxe5 Nxe5 21. Bxe5 Bb6+ 22. Kh1 Rad8 23. Qb2 Bc5 24. Na4 Be7 25. Rfe1 Ne4 26. Bf3 Bb4 27. Rf1 Nd2 28. Bxg7 Nxf1 29. Bxf8 Bxf8 30. Rxf1 Rd2 31. Qf6 Bd7 32. Bh5 Bg7 33. Qxh4 Rd6 34. Qe7 Qc7 35. Bf7+ Kh7 36. Nc5 b6 37. Ne6 1-0

[Event "8. Arber-Schachopen 2019"]
[Site "Bodenmais"]
[Date "2019.07.30"]
[Round "4.21"]
[White "Schmahl, Stephan"]
[Black "Fuchs, Florian"]
[Result "1-0"]
[ECO "E63"]
[WhiteElo "2101"]
[BlackElo "2235"]
[Annotator "NA"]
[PlyCount "49"]
[EventDate "2019.07.27"]
[EventCountry "GER"]
[SourceTitle "playchess.com"]
[Source "ChessBase"]
[SourceQuality "1"]
[TimeControl "40/5400+30:1800+30"]

1. d4 Nf6 2. c4 g6 3. Nf3 Bg7 4. g3 d6 5. Bg2 O-O 6. O-O Nc6 7. Nc3 a6 8. b3 Rb8 9. Nd5 b5 10. Nxf6+ Bxf6 11. cxb5 axb5 12. Bh6 Re8 13. Rc1 Bd7 14. d5 Ne5 15. Nxe5 Bxe5 16. f4 Bh8 17. Qc2 Rc8 18. f5 Bg7 19. Bxg7 Kxg7 20. Qc3+ Kg8 21. Be4 gxf5 22. Bxf5 e6 23. Bxh7+ Kxh7 24. Rxf7+ Kg6 25. Qg7+ 1-0

[Event "8. Arber-Schachopen 2019"]
[Site "Bodenmais"]
[Date "2019.07.30"]
[Round "4.22"]
[White "Liebold, Aaron"]
[Black "Bielmeier, Ludwig"]
[Result "1/2-1/2"]
[ECO "B10"]
[WhiteElo "1944"]
[BlackElo "2083"]
[Annotator "NA"]
[PlyCount "125"]
[EventDate "2019.07.27"]
[EventCountry "GER"]
[SourceTitle "playchess.com"]
[Source "ChessBase"]
[SourceQuality "1"]
[TimeControl "40/5400+30:1800+30"]

1. e4 c6 2. Nc3 d5 3. Qe2 dxe4 4. Nxe4 Nf6 5. Nxf6+ gxf6 6. Nf3 Bf5 7. d3 Nd7 8. g3 Bg7 9. Bg2 Nb6 10. O-O O-O 11. b3 Qd7 12. Re1 Rfe8 13. Bb2 Bg4 14. Qd2 e5 15. Nh4 Bh5 16. Be4 Bg6 17. Nxg6 hxg6 18. Rad1 Rad8 19. c4 Qg4 20. Qc3 Nc8 21. Bg2 Re7 22. Qc2 Red7 23. Re4 Qf5 24. Qe2 Nd6 25. g4 Qe6 26. Re3 Bh6 27. Rh3 Bg5 28. Bc1 Bxc1 29. Rxc1 f5 30. Re3 Qf6 31. Rxe5 fxg4 32. Re1 Nf5 33. Re8+ Kg7 34. Rxd8 Rxd8 35. Be4 Nh6 36. Qe3 b6 37. d4 Rxd4 38. Bxc6 Rf4 39. Bd5 Rf5 40. Re2 Rh5 41. Qg3 Kh7 42. Qc7 g3 43. fxg3 Rf5 44. Kg2 Ng4 45. Qe7 Rf2+ 46. Rxf2 Qxf2+ 47. Kh3 Nh6 48. g4 Qf1+ 49. Kg3 Qg1+ 50. Bg2 Qa1 51. Qe2 Qd4 52. Bf3 Kg7 53. Kg2 Qf4 54. h3 Ng8 55. Bd5 Nf6 56. Qf2 Qe5 57. Qd2 Ng8 58. Kf3 g5 59. Kg2 Ne7 60. Kf2 Ng6 61. Qe3 Qb2+ 62. Qe2 Qd4+ 63. Qe3 1/2-1/2

[Event "8. Arber-Schachopen 2019"]
[Site "Bodenmais"]
[Date "2019.07.30"]
[Round "4.23"]
[White "Weisheit, Erik"]
[Black "Kottmair, Toni"]
[Result "0-1"]
[ECO "C36"]
[WhiteElo "1862"]
[BlackElo "2086"]
[Annotator "NA"]
[PlyCount "84"]
[EventDate "2019.07.27"]
[EventCountry "GER"]
[SourceTitle "playchess.com"]
[Source "ChessBase"]
[SourceQuality "1"]
[TimeControl "40/5400+30:1800+30"]

1. e4 e5 2. f4 exf4 3. Nf3 d5 4. exd5 Nf6 5. d4 Nxd5 6. Nc3 Bb4 7. Qe2+ Be6 8. Bd2 Bxc3 9. bxc3 O-O 10. Kf2 Re8 11. Qb5 c6 12. Qxb7 Nb6 13. Rb1 Bc8 14. Rxb6 Bxb7 15. Rxb7 Qc8 16. Rb1 Qc7 17. Ne5 Rxe5 18. dxe5 Qxe5 19. Bd3 Qc5+ 20. Kf3 Nd7 21. Bxf4 Ne5+ 22. Bxe5 Qxe5 23. c4 Re8 24. g3 Qe3+ 25. Kg2 Qd2+ 26. Kh3 g6 27. Rhd1 Qa5 28. Kg2 Re7 29. Ra1 h5 30. Rf1 h4 31. Rf2 Qc3 32. Rb1 hxg3 33. hxg3 Qa3 34. Ra1 Qb2 35. Rff1 Re3 36. Kh3 Qe5 37. Rg1 Rxg3+ 38. Rxg3 Qxa1 39. Rg5 Qxa2 40. Rc5 Qa6 41. Kg4 Qb6 42. Re5 Qd4+ 0-1

[Event "8. Arber-Schachopen 2019"]
[Site "Bodenmais"]
[Date "2019.07.30"]
[Round "4.24"]
[White "Schwenkreis, Thomas"]
[Black "Kiwitz, Henri"]
[Result "1/2-1/2"]
[ECO "C26"]
[WhiteElo "2048"]
[BlackElo "1755"]
[Annotator "NA"]
[PlyCount "57"]
[EventDate "2019.07.27"]
[EventCountry "GER"]
[SourceTitle "playchess.com"]
[Source "ChessBase"]
[SourceQuality "1"]
[TimeControl "40/5400+30:1800+30"]

1. e4 e5 2. Nc3 Nf6 3. g3 d5 4. exd5 Nxd5 5. Bg2 Nxc3 6. bxc3 Nc6 7. Ne2 Be6 8. O-O Bd5 9. f3 Bc5+ 10. Kh1 Qf6 11. d3 h5 12. c4 Be6 13. f4 h4 14. Qe1 O-O-O 15. Bb2 hxg3 16. Qxg3 exf4 17. Qf3 Qxb2 18. Nxf4 Qxc2 19. Rab1 Bd7 20. Rb5 Bb6 21. Ne2 Qd2 22. Nf4 Qe3 23. Qxe3 Bxe3 24. Nd5 Bd4 25. Rf4 Be5 26. Ne7+ Nxe7 27. Bxb7+ Kb8 28. Bc6+ Kc8 29. Bb7+ 1/2-1/2

[Event "8. Arber-Schachopen 2019"]
[Site "Bodenmais"]
[Date "2019.07.30"]
[Round "4.25"]
[White "Malditz, Dieter"]
[Black "Palmi, Herbert"]
[Result "0-1"]
[ECO "A41"]
[WhiteElo "1869"]
[BlackElo "2056"]
[Annotator "NA"]
[PlyCount "72"]
[EventDate "2019.07.27"]
[EventCountry "GER"]
[SourceTitle "playchess.com"]
[Source "ChessBase"]
[SourceQuality "1"]
[TimeControl "40/5400+30:1800+30"]

1. d4 d6 2. c4 c6 3. Nc3 e5 4. e4 Nf6 5. Nf3 Qc7 6. Be2 Bg4 7. Be3 Be7 8. O-O Nbd7 9. Ne1 Bxe2 10. Qxe2 O-O 11. f4 Rfe8 12. dxe5 dxe5 13. f5 Bc5 14. Nd3 Bxe3+ 15. Qxe3 b6 16. h3 Qd6 17. Ne2 Rad8 18. Rad1 Nc5 19. Nf2 Qe7 20. b4 Nb7 21. a3 h6 22. g4 Nh7 23. Nd3 Nd6 24. Rc1 Qg5 25. Qf3 b5 26. cxb5 cxb5 27. Rc5 Nc4 28. Qg3 Qe3+ 29. Qxe3 Nxe3 30. Nxe5 Nxf1 31. Kxf1 a6 32. Nc3 Nf6 33. Ke2 Nxe4 34. Nxe4 f6 35. Nc6 Rxe4+ 36. Kf3 Rde8 0-1

[Event "8. Arber-Schachopen 2019"]
[Site "Bodenmais"]
[Date "2019.07.30"]
[Round "4.26"]
[White "Kolb, Wolfgang"]
[Black "David, Sebastian"]
[Result "1-0"]
[ECO "A10"]
[WhiteElo "2099"]
[BlackElo "1715"]
[Annotator "NA"]
[PlyCount "59"]
[EventDate "2019.07.27"]
[EventCountry "GER"]
[SourceTitle "playchess.com"]
[Source "ChessBase"]
[SourceQuality "1"]
[TimeControl "40/5400+30:1800+30"]

1. c4 b6 2. Nc3 Bb7 3. e4 e5 4. g3 Nc6 5. Bg2 Nf6 6. Nge2 Bc5 7. O-O O-O 8. d3 h6 9. a3 a5 10. Rb1 Nd4 11. b4 axb4 12. axb4 Nxe2+ 13. Qxe2 Be7 14. f4 d6 15. Be3 Bc8 16. Ra1 Bd7 17. Rxa8 Qxa8 18. Qb2 Qb7 19. fxe5 dxe5 20. Nd5 Nxd5 21. exd5 Bd6 22. Qc3 Re8 23. c5 bxc5 24. bxc5 Bf8 25. c6 Bxc6 26. dxc6 Qb5 27. Qc4 Qxc4 28. dxc4 f6 29. Bd5+ Kh7 30. Rb1 1-0

[Event "8. Arber-Schachopen 2019"]
[Site "Bodenmais"]
[Date "2019.07.31"]
[Round "5.2"]
[White "Hausner, Ivan"]
[Black "Delchev, Aleksander"]
[Result "0-1"]
[ECO "A13"]
[WhiteElo "2370"]
[BlackElo "2571"]
[Annotator "ChessBase"]
[PlyCount "81"]
[EventDate "2019.07.27"]
[EventCountry "GER"]
[SourceTitle "playchess.com"]
[Source "ChessBase"]
[SourceQuality "1"]
[TimeControl "40/5400+30:1800+30"]

1. c4 e6 2. g3 d5 3. Bg2 Nf6 4. Nf3 d4 5. O-O c5 6. e3 Nc6 7. exd4 cxd4 8. d3 h6 9. Re1 Bd6 10. Na3 O-O 11. Nc2 a5 12. a3 e5 13. Rb1 a4 14. b4 axb3 15. Rxb3 Re8 16. Nd2 Na5 17. Rb1 Bf5 18. Qe2 Qd7 19. Ne4 Nxe4 20. Bxe4 Bxe4 21. Qxe4 Bc5 22. Nb4 b6 23. Nd5 f5 24. Qf3 Qf7 25. g4 e4 26. Qxf5 Qxf5 27. gxf5 exd3 28. Rd1 Nxc4 29. Nc7 Re2 30. Nxa8 d2 31. Bxd2 Nxd2 32. Rxb6 d3 33. Rc6 Bxf2+ 34. Kg2 Be1+ 35. Kh3 Ne4 36. Rb1 Ng5+ 37. Kg4 Re4+ 38. Kh5 Nf7 39. Rxe1 Rxe1 40. Rc8+ Kh7 41. Nb6 {[%emt 0:30:09] Kg8} 0-1

[Event "8. Arber-Schachopen 2019"]
[Site "Bodenmais"]
[Date "2019.07.31"]
[Round "5.3"]
[White "Mirzoev, Emil"]
[Black "Schleining, Zoya"]
[Result "1-0"]
[ECO "E48"]
[WhiteElo "2493"]
[BlackElo "2339"]
[Annotator "ChessBase"]
[PlyCount "75"]
[EventDate "2019.07.27"]
[EventCountry "GER"]
[SourceTitle "playchess.com"]
[Source "ChessBase"]
[SourceQuality "1"]
[TimeControl "40/5400+30:1800+30"]

1. d4 Nf6 2. c4 e6 3. Nc3 Bb4 4. e3 O-O 5. Bd3 d5 6. cxd5 exd5 7. Nge2 Re8 8. Bd2 Bd6 9. Nb5 Bf8 10. Qc2 Na6 11. a3 c6 12. Nbc3 c5 13. O-O c4 14. Bf5 Bxf5 15. Qxf5 Nc7 16. f3 Qd7 17. Qc2 Qc6 18. b3 Rac8 19. a4 b6 20. bxc4 Qxc4 21. Rfc1 Na6 22. Qd1 Qd3 23. Nf4 Qf5 24. g4 Qg5 25. Qe1 Nb4 26. Nce2 Nxg4 27. Qg3 Nxh2 28. Kxh2 Qxg3+ 29. Kxg3 Nc2 30. Ra2 Na3 31. Rxc8 Rxc8 32. Nxd5 Bd6+ 33. Kf2 f5 34. Bb4 Bxb4 35. Nxb4 Rc4 36. Rxa3 Rxb4 37. a5 b5 38. Rc3 1-0

[Event "8. Arber-Schachopen 2019"]
[Site "Bodenmais"]
[Date "2019.07.31"]
[Round "5.4"]
[White "Rotstein, Arkadij"]
[Black "Poetz, Florian"]
[Result "0-1"]
[ECO "A46"]
[WhiteElo "2471"]
[BlackElo "2389"]
[Annotator "ChessBase"]
[PlyCount "109"]
[EventDate "2019.07.27"]
[EventCountry "GER"]
[SourceTitle "playchess.com"]
[Source "ChessBase"]
[SourceQuality "1"]
[TimeControl "40/5400+30:1800+30"]

1. d4 Nf6 2. Nf3 e6 3. e3 b6 4. Bd3 Bb7 5. O-O Be7 6. c4 O-O 7. Nc3 d5 8. cxd5 Nxd5 9. e4 Nxc3 10. bxc3 c5 11. Bf4 cxd4 12. cxd4 Nc6 13. d5 Nb4 14. Bb1 Bf6 15. a3 Bxa1 16. axb4 exd5 17. e5 g6 18. h4 Bc3 19. Ng5 Bxb4 20. h5 f5 21. Ba2 Be7 22. Ne6 Qd7 23. Nxf8 Rxf8 24. h6 g5 25. Be3 Qe6 26. Bd4 Qxh6 27. Qa4 Qc6 28. Qxc6 Bxc6 29. Rc1 Ba8 30. Rc7 Bc5 31. Bb2 a5 32. e6 Rd8 33. Rg7+ Kf8 34. Rf7+ Ke8 35. Bf6 Rd6 36. Re7+ Kf8 37. Rf7+ Ke8 38. Re7+ Kf8 39. Ra7 Bc6 40. Be7+ Ke8 41. Bxd6 Bxd6 42. Rxh7 a4 43. Ra7 a3 44. Rf7 f4 45. Rg7 d4 46. Rxg5 d3 47. Kf1 Bb4 48. f3 Ke7 49. Bc4 Bc3 50. Rf5 d2 51. Ke2 Ba4 52. Rd5 b5 53. Rd7+ Ke8 54. Ba2 b4 55. Bc4 0-1

[Event "8. Arber-Schachopen 2019"]
[Site "Bodenmais"]
[Date "2019.07.31"]
[Round "5.5"]
[White "Bogdanov, Egor"]
[Black "Hoffmann, Michael"]
[Result "1/2-1/2"]
[ECO "B48"]
[WhiteElo "2407"]
[BlackElo "2438"]
[Annotator "NA"]
[PlyCount "41"]
[EventDate "2019.07.27"]
[EventCountry "GER"]
[SourceTitle "playchess.com"]
[Source "ChessBase"]
[SourceQuality "1"]
[TimeControl "40/5400+30:1800+30"]

1. e4 c5 2. Nc3 e6 3. Nf3 Nc6 4. d4 cxd4 5. Nxd4 Qc7 6. Be3 a6 7. Qf3 Nf6 8. O-O-O Ne5 9. Qg3 b5 10. Bf4 d6 11. Bxb5+ axb5 12. Ndxb5 Qb8 13. Rxd6 Nh5 14. Qg5 Bxd6 15. Nxd6+ Qxd6 16. Bxe5 Ra5 17. f4 Nxf4 18. Bxd6 Rxg5 19. Bxf4 Rxg2 20. a4 Ke7 21. b4 1/2-1/2

[Event "8. Arber-Schachopen 2019"]
[Site "Bodenmais"]
[Date "2019.07.31"]
[Round "5.6"]
[White "Bensch, Patrick"]
[Black "Fruehe, Norbert"]
[Result "1-0"]
[ECO "A35"]
[WhiteElo "2197"]
[BlackElo "1936"]
[Annotator "NA"]
[PlyCount "51"]
[EventDate "2019.07.27"]
[EventCountry "GER"]
[SourceTitle "playchess.com"]
[Source "ChessBase"]
[SourceQuality "1"]
[TimeControl "40/5400+30:1800+30"]

1. c4 c5 2. Nf3 Nc6 3. Nc3 Nf6 4. g3 d5 5. cxd5 Nxd5 6. Bg2 f6 7. O-O Nc7 8. d3 e5 9. Nd2 Be6 10. Bxc6+ bxc6 11. Qa4 Qd7 12. Nc4 Nd5 13. Bd2 Rb8 14. Ne4 Nb6 15. Qc2 Nxc4 16. dxc4 Qd4 17. b3 f5 18. Ng5 Bd7 19. Bc3 Qd6 20. Nf3 Qe6 21. Nxe5 Rd8 22. e4 f4 23. gxf4 Bd6 24. f5 Qh6 25. f4 O-O 26. Kh1 1-0

[Event "8. Arber-Schachopen 2019"]
[Site "Bodenmais"]
[Date "2019.07.31"]
[Round "5.8"]
[White "Kottmair, Toni"]
[Black "Sergeev, Vladimir"]
[Result "1-0"]
[ECO "B28"]
[WhiteElo "2086"]
[BlackElo "2415"]
[Annotator "NA"]
[PlyCount "155"]
[EventDate "2019.07.27"]
[EventCountry "GER"]
[SourceTitle "playchess.com"]
[Source "ChessBase"]
[SourceQuality "1"]
[TimeControl "40/5400+30:1800+30"]

1. e4 c5 2. Nf3 a6 3. c3 d5 4. exd5 Qxd5 5. d4 Nf6 6. Be2 e6 7. O-O Nc6 8. Bg5 Be7 9. c4 Qd7 10. dxc5 Bxc5 11. Nc3 h6 12. Bxf6 gxf6 13. Qxd7+ Kxd7 14. a3 Ke7 15. b4 Bd6 16. c5 Be5 17. Nxe5 fxe5 18. f4 Bd7 19. Rad1 a5 20. b5 Nd4 21. Bh5 Be8 22. fxe5 Nc2 23. Rd6 Ne3 24. Rf4 Rc8 25. Ne4 Nc4 26. a4 Nxe5 27. Rb6 Rc7 28. Nf6 Bd7 29. Ng4 Rxc5 30. Nxe5 Rxe5 31. Rxf7+ Kd8 32. Bf3 Ke8 33. Rg7 Rg5 34. Rxg5 hxg5 35. g3 Ke7 36. Rxb7 Kd6 37. Ra7 Rc8 38. Rxa5 Rc1+ 39. Kf2 e5 40. b6 Rc2+ 41. Ke3 Rc3+ 42. Ke2 g4 43. Be4 Rc4 44. Ke3 Rxa4 45. Rxa4 Bxa4 46. Kd2 Bd7 47. Kc3 Bb5 48. Kb4 Be2 49. b7 Kc7 50. Kc5 Bd1 51. Kd5 Kxb7 52. Kxe5+ Kc7 53. Bf5 Kd8 54. Kf4 Ke7 55. Bxg4 Bb3 56. Ke5 Kf7 57. Bf3 Kg6 58. h4 Ba4 59. g4 Bd7 60. g5 Be8 61. Kf4 Kg7 62. h5 Bf7 63. Kf5 Be8 64. h6+ Kh7 65. Kf6 Kh8 66. Bg4 Kh7 67. Bf5+ Kh8 68. Bg6 Bb5 69. Bf7 Bd3 70. Be6 Bg6 71. Bg4 Be8 72. Bf5 Bf7 73. Bg6 Bc4 74. Bh5 Bd3 75. Bg4 Bh7 76. Bf5 Bg8 77. g6 Bf7 78. g7+ 1-0

[Event "8. Arber-Schachopen 2019"]
[Site "Bodenmais"]
[Date "2019.07.31"]
[Round "5.9"]
[White "Palmi, Herbert"]
[Black "Hopman, Pieter"]
[Result "0-1"]
[ECO "A21"]
[WhiteElo "2056"]
[BlackElo "2347"]
[Annotator "NA"]
[PlyCount "102"]
[EventDate "2019.07.27"]
[EventCountry "GER"]
[SourceTitle "playchess.com"]
[Source "ChessBase"]
[SourceQuality "1"]
[TimeControl "40/5400+30:1800+30"]

1. c4 e5 2. Nc3 Bb4 3. Qc2 Nf6 4. Nf3 Nc6 5. e3 O-O 6. a3 Bxc3 7. Qxc3 e4 8. Nd4 Ne5 9. Be2 d6 10. f4 Ng6 11. b3 c5 12. Nc2 Bg4 13. Bxg4 Nxg4 14. Bb2 Qh4+ 15. g3 Qh6 16. h4 Ne7 17. Rg1 Rfd8 18. Rg2 d5 19. O-O-O Nf5 20. cxd5 Rxd5 21. Qc4 Qe6 22. h5 Rad8 23. Qe2 Nfh6 24. Bc3 Rd3 25. Kb2 b5 26. Rf1 f5 27. Rb1 a5 28. b4 cxb4 29. axb4 a4 30. Nd4 Qd5 31. Rgg1 Nf7 32. Ka1 Nxe3 33. Qxe3 Rxe3 34. dxe3 Nh6 35. Rgd1 Rc8 36. Rbc1 Ng4 37. Bd2 Rc4 38. Rxc4 bxc4 39. Rc1 h6 40. Rc3 Nf6 41. Ra3 Nxh5 42. Rxa4 Nxg3 43. Ra5 Qd7 44. Bc3 Ne2 45. Ra8+ Kh7 46. Kb2 Qb7 47. Rd8 Nxd4 48. Rxd4 Qb5 49. Rd6 Qa4 50. Be5 Qb3+ 51. Ka1 c3 0-1

[Event "8. Arber-Schachopen 2019"]
[Site "Bodenmais"]
[Date "2019.07.31"]
[Round "5.10"]
[White "Pohl-Kuemmel, Jens-Uwe"]
[Black "Fauth, Dietmar"]
[Result "1/2-1/2"]
[ECO "D37"]
[WhiteElo "2288"]
[BlackElo "2122"]
[Annotator "NA"]
[PlyCount "99"]
[EventDate "2019.07.27"]
[EventCountry "GER"]
[SourceTitle "playchess.com"]
[Source "ChessBase"]
[SourceQuality "1"]
[TimeControl "40/5400+30:1800+30"]

1. d4 Nf6 2. c4 e6 3. Nf3 d5 4. Nc3 dxc4 5. e3 a6 6. a4 b6 7. Bxc4 Bb7 8. O-O Bb4 9. Qe2 Nbd7 10. Rd1 O-O 11. Bd3 Qe7 12. e4 e5 13. dxe5 Nxe5 14. Nxe5 Qxe5 15. f4 Bc5+ 16. Kh1 Qh5 17. Qxh5 Nxh5 18. e5 Rad8 19. Be2 g6 20. Rxd8 Rxd8 21. f5 f6 22. exf6 Nxf6 23. Bg5 Kg7 24. fxg6 Kxg6 25. Bf4 Rd7 26. Rf1 h5 27. h3 h4 28. Bd1 Nh5 29. Bc2+ Kg7 30. Be5+ Kh6 31. Rd1 Rf7 32. Be4 Bxe4 33. Nxe4 Re7 34. Nxc5 bxc5 35. Re1 Kg6 36. Bc3 Ng3+ 37. Kg1 Rf7 38. Be5 Rd7 39. Kf2 Rd2+ 40. Kf3 Nf5 41. Re4 Rd3+ 42. Ke2 Rb3 43. Rg4+ Kf7 44. Bc3 Ke6 45. Re4+ Kd6 46. Kd3 Rb8 47. Rf4 Ke6 48. Re4+ Kd6 49. Rf4 Ke6 50. Re4+ {[%emt 0:00:32] Ke5} 1/2-1/2